 Dungeon Crawl Stone Soup version 0.22-a0-398-g8bb545f (webtiles) character file.

79 emperorscorpion the Skirmisher (level 4, 0/40 HPs)
             Began as a Hill Orc Fighter on May 5, 2018.
             Slain by an ogre
             ... wielding a +0 giant club
              (16 damage)
             ... on level 4 of the Dungeon.
             The game lasted 00:01:44 (452 turns).

emperorscorpion the Skirmisher (Hill Orc Fighter)    Turns: 452, Time: 00:01:44

Health: 0/40       AC:  7    Str: 19    XL:     4   Next: 37%
Magic:  4/4        EV:  7    Int:  8    God:
Gold:   59         SH:  9    Dex: 10    Spells: 3/3 levels left

rFire    . . .     SeeInvis .   a - +0 war axe
rCold    . . .     Gourm    .   c - +0 shield
rNeg     . . .     Faith    .   b - +0 scale mail
rPois    .         Spirit   .   (no helmet)
rElec    .         Reflect  .   (no cloak)
rCorr    .         Harm     .   (no gloves)
MR       .....                  (no boots)
Stlth    ..........             (no amulet)
HPRegen  0.13/turn              (no ring)
MPRegen  0.09/turn              (no ring)

@: no status effects
A: no striking features
a: no special abilities


You were on level 4 of the Dungeon.
You were not hungry.

You visited 1 branch of the dungeon, and saw 4 of its levels.

You collected 59 gold pieces.

Inventory:

Hand Weapons
 a - a +0 war axe (weapon)
 e - a +0 spear
 h - a +1 whip of electrocution
Missiles
 n - 19 bolts
Armour
 b - a +0 scale mail (worn)
 c - a +0 shield (worn)
Wands
 o - a wand of polymorph (3)
Scrolls
 j - a scroll of remove curse {unknown}
 k - 2 scrolls of teleportation {unknown}
 l - a scroll of identify {unknown}
 m - a scroll of fog {unknown}
Potions
 d - a potion of might
 i - a potion of degeneration {unknown}
 p - a potion of curing {unknown}
Comestibles
 f - 2 rations
 g - 2 chunks of flesh


   Skills:
 + Level 4.2 Fighting
 + Level 3.8 Axes
 + Level 3.9 Armour
 + Level 0.3 Dodging
 + Level 4.0 Shields
 + Level 0.2 Unarmed Combat


You had 3 spell levels left.
You didn't know any spells.

Dungeon Overview and Level Annotations

Branches:
Dungeon (4/15)
 Temple: D:4-7

Altars:


Message History

The jackal bites you. The hound barely misses you.
The jackal bites you but does no damage.
You block the jackal's attack. You block the hound's attack.
You block the jackal's attack.
The jackal bites you but does no damage.
You block the hound's attack. You block the jackal's attack.
The jackal bites you.
You slash the jackal!
You kill the jackal!
You closely miss the hound. You block the hound's attack.
The hound bites you but does no damage. The ogre hits you with a giant club!
You hit the ogre.
The ogre is lightly wounded.
You closely miss the hound. The hound bites you. You block the hound's attack.
The ogre barely misses you.
You barely miss the ogre.
The ogre is lightly wounded.
You slash the hound! The hound bites you but does no damage.
The hound bites you. The ogre hits you with a giant club!
You die...

..≈≈ ≈≈≈≈≈≈≈≈≈≈≈≈≈≈≈...
..≈g ≈≈≈≈≈≈≈≈≈≈≈≈≈≈...
.... ............P....
... .................
.. ##............%#
#h## #..#..........#
#..#####..#O..h......#
#.##......#.#h#######
#.##......#.#@#
##.##......#.O......#
##'.........#........#
##.##.#......#........#
#............#........#
'####........#....[...#
.#.....####.###########
..<....# .# #####.....
.#


You could see an ogre, a hound and a jackal.

Vanquished Creatures
  Natasha (D:3)
  Ijyb (D:3)
  An adder (D:2)
  A leopard gecko (D:3)
  2 bats
  A giant cockroach (D:3)
  4 jackals
  2 kobolds
  A frilled lizard (D:3)
  4 goblins (D:3)
  A rat (D:3)
19 creatures vanquished.

Notes
Turn   | Place    | Note
-------+----------+-------------------------------------------
     0 | D:1      | emperorscorpion the Hill Orc Fighter began the quest for the Orb.
     0 | D:1      | Reached XP level 1. HP: 19/19 MP: 1/1
    50 | D:2      | Reached XP level 2. HP: 13/27 MP: 2/2
   224 | D:2      | Reached XP level 3. HP: 32/33 MP: 3/3
   269 | D:3      | Noticed Ijyb
   281 | D:3      | Killed Ijyb
   378 | D:3      | Noticed Natasha
   383 | D:3      | Killed Natasha
   383 | D:3      | Reached XP level 4. HP: 27/40 MP: 4/4
   428 | D:4      | Noticed an ogre
   452 | D:4      | Slain by an ogre

Vault maps used:
D:1:      sevenhm_arrival_forest_fort_small_2
D:2:      grunt_ministairs_10, uniq_jessica, uniq_crazy_yiuf_cottage
D:3:      uniq_purgy, uniq_ijyb, uniq_natasha
D:4:      lemuel_castle_with_subvaults, grunt_ministairs_8,
          makhleb_altar_promises_db

Skill      XL: |  1  2  3 |
---------------+----------+-----
Fighting       | 4 |  4.2
Axes           | 3 |  3.8
Shields        | 4 |  4.0
Armour         | |  3.9
Dodging        | |  0.3
Unarmed Combat | |  0.2

Action                   |  1- 3 |  4- 6 || total
-------------------------+-------+-------++-------
Melee: War axe           |    55 |     4 ||    59
       Unarmed           |     5 |       ||     5
Armor: Scale mail        |    35 |     5 ||    40
       Skin              |     2 |       ||     2
Dodge: Dodged            |    22 |     3 ||    25
Block: Shield            |    44 |     7 ||    51

Table legend:
 A = Spawn XP
 B = Non-spawn XP
 C = Spawn XP percentage of total XP
 D = Spawn monster count
 E = Non-spawn monster count
 F = Spawn count percentage of total count
 G = Total turns spent on level
                    A         B        C        D         E        F      G
               +---------+---------+-------+---------+---------+-------+---------
         Total |       0 |     113 |   0.0 |       0 |      19 |   0.0 |   452
               +---------+---------+-------+---------+---------+-------+---------
           D:2 |       0 |      23 |   0.0 |       0 |       6 |   0.0 |   108
           D:3 |       0 |      88 |   0.0 |       0 |      12 |   0.0 |   307
           D:4 |       0 |       2 |   0.0 |       0 |       1 |   0.0 |    35
               +---------+---------+-------+---------+---------+-------+---------
